 Dungeon Crawl Stone Soup version 0.24.0-28-g17ded55e90 (webtiles) character file.

Game seed: 4812953536433290054, levelgen mode: deterministic

89 grindst0ne the Shield-Bearer (level 4, 0/37 HPs)
             Began as a Human Fighter on Nov 11, 2019.
             Slain by an adder (1 damage)
             ... on level 3 of the Dungeon.
             The game lasted 00:02:04 (1697 turns).

grindst0ne the Shield-Bearer (Human Fighter)        Turns: 1697, Time: 00:02:05

Health: 0/37       AC:  6    Str: 17    XL:     4   Next: 84%
Magic:  4/4        EV:  7    Int:  9    God:
Gold:   138        SH:  9    Dex: 10    Spells: 3/3 levels left

rFire    . . .     SeeInvis .   a - +0 war axe
rCold    . . .     Gourm    .   c - +0 shield
rNeg     . . .     Faith    .   b - +0 scale mail
rPois    .         Spirit   .   (no helmet)
rElec    .         Reflect  .   (no cloak)
rCorr    .         Harm     .   (no gloves)
MR       .....     Rnd*Rage +   (no boots)
Stlth    ..........             q - amulet of rage
HPRegen  0.12/turn              (no ring)
MPRegen  0.09/turn              (no ring)

@: lethally poisoned (0 -> -12), flying
A: berserk 1, clumsy 1, subdued magic 1, MP-powered wands
a: Evoke Berserk Rage


You were on level 3 of the Dungeon.
You were near starving.

You visited 1 branch of the dungeon, and saw 3 of its levels.

You collected 138 gold pieces.

Inventory:

Hand Weapons
 a - a +0 war axe (weapon)
Armour
 b - a +0 scale mail (worn)
 c - a +0 shield (worn)
Jewellery
 i - an uncursed ring of resist corrosion {unknown}
 q - an amulet of rage (around neck)
Scrolls
 h - a scroll of noise {unknown}
 k - 2 scrolls of identify {unknown}
 l - 2 scrolls of magic mapping {unknown}
 m - 3 scrolls of teleportation {unknown}
 o - a scroll of amnesia {unknown}
 p - a scroll of enchant armour {unknown}
Potions
 d - a potion of might
 e - a potion of brilliance
 j - a potion of mutation
 n - a potion of resistance {unknown}
 s - a potion of berserk rage {unknown}
Comestibles
 f - 9 rations


   Skills:
 + Level 3.8 Fighting
 + Level 3.1 Axes
 - Level 3.0 Armour
 + Level 3.8 Shields


You had 3 spell levels left.
You didn't know any spells.
Your spell library was empty.

Dungeon Overview and Level Annotations

Branches:
Dungeon (3/15)

Altars:
Wu Jian
Yredelemnul


Innate Abilities, Weirdness & Mutations

You tend to lose your temper in combat.
You are clumsy. (Dex -2)
Your spells are a little easier to cast, but a little less powerful.
You expend magic power (3 MP) to strengthen your wands.


Message History

The adder poisons you!
It was a potion of mutation.
You feel extremely strange.
Your connection to magic feels subdued.
You feel clumsy.
You feel a little pissed off.
You feel your magical essence link to the dungeon's wands.
* * * LOW HITPOINT WARNING * * *
You feel sick. You block the adder's attack.
It was a potion of cancellation.
Your magical effects are unravelling.
You feel magically purged.
You feel a little less clever now.
You are no longer corroded.
* * * LOW HITPOINT WARNING * * *
You feel sick. You block the adder's attack.
The adder bites you but does no damage.
It was a potion of flight.
You feel very buoyant.
You fly up into the air.
* * * LOW HITPOINT WARNING * * *
You feel sick. The adder bites you.
You die...

### #<# #.# #.#
############.###.#
.......@S$......>#
############.###.#
#.# ..S .... #....
.?.... ####.#


You could see an adder.

Vanquished Creatures
  A jelly (D:3)
  Jessica (D:2)
  2 giant cockroaches (D:1)
  10 goblins
  A hobgoblin (D:2)
  4 kobolds
  7 bats
  2 frilled lizards (D:1)
  6 rats
34 creatures vanquished.

Notes
Turn   | Place    | Note
-------+----------+-------------------------------------------
     0 | D:1      | grindst0ne the Human Fighter began the quest for the Orb.
     0 | D:1      | Reached XP level 1. HP: 18/18 MP: 1/1
   108 | D:1      | Reached XP level 2. HP: 22/24 MP: 2/2
   522 | D:1      | Reached XP level 3. HP: 29/29 MP: 3/3
   788 | D:2      | Found an ornate altar of the Wu Jian Council.
  1001 | D:2      | Noticed Jessica
  1025 | D:2      | Killed Jessica
  1025 | D:2      | Reached XP level 4. HP: 20/36 MP: 4/4
  1415 | D:2      | Found a basalt altar of Yredelemnul.
  1695 | D:3      | Gained mutation: Your spells are a little easier to cast,
                  | but a little less powerful. [potion of mutation]
  1695 | D:3      | Gained mutation: You are clumsy. (Dex -2) [potion of
                  | mutation]
  1695 | D:3      | Gained mutation: You tend to lose your temper in combat.
                  | [potion of mutation]
  1695 | D:3      | Gained mutation: You expend magic power (3 MP) to
                  | strengthen your wands. [potion of mutation]
  1697 | D:3      | HP: 1/37 [poisoned by an adder]
  1697 | D:3      | Slain by an adder

Levels and vault maps discovered:
D:1:      matt_arrival_diagonals, layout_basic
D:2:      layout_basic, yredelemnul_altar_generic,
          nicolae_overflow_crystal_walls, first_ration, uniq_jessica
D:3:      layout_basic, grunt_temple_overflow_forces_of_nature,
          ebering_ghost_reflecting_pool, uniq_grinder, uniq_ijyb, uniq_sigmund

Skill      XL: |  1  2  3  4 |
---------------+-------------+-----
Axes           | 3 |  3.1
Fighting       | |  3.8
Armour         | |  3.0
Shields        | |  3.8

Action                   |  1- 3 |  4- 6 || total
-------------------------+-------+-------++-------
Melee: War axe           |    83 |    14 ||    97
  Use: Potion            |       |     4 ||     4
  Eat: Chunk             |       |     1 ||     1
Armor: Scale mail        |    53 |     5 ||    58
Dodge: Dodged            |    20 |     7 ||    27
Block: Shield            |    50 |    10 ||    60
